AoeStats
← Sekekama

Scandinavia

510521202Analyzed
1v1 RM · 21h ago on Oct 1, 2026· 36m 31s· 2 players
Game mode
Random Map
Map size
Tiny (2 player)
Population
200
Speed
Normal
Resources
Standard
Victory
Conquest
Starting age
Dark Age
Ending age
Imperial Age
RankedLock teamsTeams togetherTeam positionsShared explorationLock speedFull tech treeHidden civsTurbo modeCheats
Victory
Defeat
🇨🇴 Japanese · Colombia
1330
+14
🇧🇪 Japanese · Belgium
1294
-14
Marti
2:35 Loom
8:58 Feudal Age
10:29 Double-Bit Axe
10:43 Man-at-Arms
11:35 Arson
13:12 Horse Collar
17:27 Wheelbarrow
17:23 Fletching
21:19 Castle Age
21:00 Gold Mining
21:58 Bodkin Arrow
22:04 Padded Archer Armor
23:40 Leather Archer Armor
23:43 Bloodlines
23:34 Husbandry
24:40 Town Watch
27:16 Bow Saw
28:26 Ballistics
30:40 Hand Cart
37:20 Imperial Age
Sekekama
6:57 Loom
10:09 Feudal Age
14:24 Double-Bit Axe
15:39 Fletching
18:33 Fishing Lines
20:32 Horse Collar
23:41 Castle Age
22:00 Scale Barding Armor
22:26 Bloodlines
22:49 Forging
24:42 Chain Barding Armor
24:38 Bow Saw
25:29 Iron Casting
24:58 Husbandry
26:26 Town Watch
28:42 Gillnets
30:40 Gold Mining
30:40 Stone Mining
Connection lost

Rejoining the realm…

Still unreachable

The connection could not be restored.

Session expired

The server has moved on; the page needs a fresh start.